 Dungeon Crawl Stone Soup version 0.31.0 (webtiles) character file.

Game seed: 15745580523908440930

9044 bungle the Fighter (level 11, -2/162 HPs)
             Began as an Oni Gladiator on Jan 19, 2024.
             Was a High Priest of Okawaru.
             Slain by a two-headed ogre
             ... wielding a +0 giant spiked club
              (25 damage)
             ... on level 11 of the Dungeon.
             The game lasted 00:23:32 (12516 turns).

bungle the Fighter (Oni Gladiator)                 Turns: 12516, Time: 00:23:32

Health: -2/162     AC:  6    Str: 25    XL:     11   Next: 40%
Magic:  18/18      EV: 15    Int:  9    God:    Okawaru [*****.]
Gold:   1003       SH: 16    Dex: 20    Spells: 20/20 levels left

rFire   . . .        H - +3 hand axe of Malaise {flame, ^Drain Str+3 Dex+8 SInv}
rCold   + . .        E - +0 tower shield
rNeg    . . .        f - +1 robe of the Arcane {rC+ Regen+ Slay+3}
rPois   .            p - +2 hat
rElec   .            (no cloak)
rCorr   .            (gloves unavailable)
SInv    +            (boots unavailable)
Will    +....        G - amulet of faith Stlth
                     j - +5 ring of evasion
HPRegen 1.27/turn    (no ring)
MPRegen 0.16/turn

%: faith
@: berserking, very quick
A: large, unfitting armour, horns 1, tough skin 1, double potion healing,
drunken brawling, frail 1
a: Renounce Religion, Heroism, Finesse, Duel


You were on level 11 of the Dungeon.
You worshipped Okawaru.
Okawaru was extremely pleased with you.
You visited 2 branches of the dungeon, and saw 12 of its levels.
You also visited: Sewer, Ossuary and Bailey.

You collected 1003 gold pieces.

Inventory:

Hand Weapons
 a - a +0 flail
 k - a +1 whip of holy wrath
 o - a +0 great mace
 t - a +4 trident of draining
 H - the +3 hand axe of Malaise (weapon) {flame, ^Drain Str+3 Dex+8 SInv}
   (You found it on level 10 of the Dungeon)

   Str+3:     It affects your strength (+3).
   Dex+8:     It affects your dexterity (+8).
   SInv:      It lets you see invisible.
   ^Drain:    It drains your maximum health when unequipped.
 J - a +4 whip of electrocution
 K - a +5 club
 O - the +9 sword of Power {lifebolt}
   (You found it in a bailey)
 P - a +2 war axe of electrocution
 R - a +0 giant club
Missiles
 d - 3 throwing nets
 e - a large rock
 z - 7 poisoned darts (quivered)
Armour
 f - the +1 robe of the Arcane (worn) {rC+ Regen+ Slay+3}
   (You found it in a bailey)

   Slay+3:    It affects your accuracy & damage with ranged weapons and melee
   (+3).
   rC+:       It protects you from cold.
   Regen+:    It increases your rate of health regeneration.
 l - a scarf of shadows
 p - a +2 hat (worn)
 C - a +0 troll leather armour {Pargi}
 E - a +0 tower shield (worn)
Jewellery
 j - a +5 ring of evasion (left hand)
 x - a ring of protection from fire
 G - an amulet of faith (around neck)
 Q - an amulet of the acrobat
Wands
 r - a wand of digging (4)
 w - a wand of flame (21)
 L - a wand of light (8)
Scrolls
 b - a scroll of acquirement
 h - a scroll of identify
 i - 2 scrolls of teleportation
 y - 2 scrolls of enchant weapon
 A - 2 scrolls of butterflies
 F - a scroll of revelation
 I - a scroll of poison
Potions
 c - 3 potions of might
 g - 3 potions of degeneration
 m - 4 potions of curing
 n - 2 potions of cancellation
 s - 2 potions of lignification
 u - a potion of attraction
 v - a potion of invisibility
 B - a potion of enlightenment
 D - 2 potions of brilliance
 M - 2 potions of resistance {unknown}
 N - a potion of haste


   Skills:
 + Level 11.3 Fighting
 + Level 9.0 Maces & Flails
 + Level 8.7 Throwing
 - Level 5.0 Dodging
 + Level 6.3 Shields
 - Level 5.0 Spellcasting


You had 20 spell levels left.
You didn't know any spells.
Your spell library contained the following spells:

 Spells                   Type           Power      Damage    Failure   Level
 Magic Dart               Conj           8%         1d3       71%         1
 Ensorcelled Hibernation  Hex/Ice        4%         N/A       85%         2
 Searing Ray              Conj           4%         2d4       85%         2
 Fugue of the Fallen      Necr           2%         N/A       97%         3
 Gell's Gravitas          Tloc           2%         N/A       97%         3
 Inner Flame              Hex/Fire       2%         N/A       97%         3
 Teleport Other           Tloc           2%         N/A       97%         3
 Anguish                  Hex/Necr       1%         N/A       100%        4
 Fulminant Prism          Conj/Alch      1%         3d5       100%        4
 Irradiate                Conj/Alch      1%         3d12      100%        5
 Metabolic Englaciation   Hex/Ice        1%         N/A       100%        5
 Dispersal                Tloc           1%         N/A       100%        6
 Ignition                 Fire           1%         3d3       100%        8
 Call Imp                 Summ           Unusable   N/A       N/A         2
 Summon Mana Viper        Hex/Summ       Unusable   N/A       N/A         5
 Summon Hydra             Summ           Unusable   N/A       N/A         7

Dungeon Overview and Level Annotations

Branches:
Dungeon (11/15)            Temple (1/1) D:6             Orc (0/2) D:11
  Sewer (visited)         Ossuary (visited)          Bailey (visited)
   Lair: D:8-11

Altars:
Ashenzari
Cheibriados
Dithmenos
Elyvilon
Fedhas
Gozag
Hepliaklqana
Kikubaaqudgha
Makhleb
Nemelex Xobeh
Okawaru
Qazlal
Ru
Sif Muna
Trog
Uskayaw
Vehumet
Wu Jian
Xom
Yredelemnul
Zin
The Shining One

Shops:
D:5 ![:(   D:6 **((

Annotations:
Temple 2 transporters


Innate Abilities, Weirdness & Mutations

You are too large for most types of armour.
You have a pair of small horns on your head.
You have tough skin. (AC +1)
You gain doubled healing and magic from potions.
Whenever you drink a healing potion, you attack all around you.
You are frail. (-10% HP)


Message History

The yak barely misses you. You block the yak's attack.
You hit the two-headed ogre. You burn the two-headed ogre.
The two-headed ogre is heavily wounded.
You hit the yak. You burn the yak. You closely miss the yak. You hit the yak.
You burn the yak. You hit the yak. You burn the yak.
You hit the yak but do no damage. You block the yak's attack.
The yak gores you but does no damage. You block the yak's attack.
You block the two-headed ogre's attack. x2; The yak barely misses you.
The yak gores you!
You hit the two-headed ogre. You burn the two-headed ogre.
Your headbutt misses the two-headed ogre.
The two-headed ogre is severely wounded.
You hit the yak. You burn the yak. You hit the yak. You burn the yak.
You hit the yak. You burn the yak. You hit the yak. You burn the yak.
You hit the yak. You burn the yak. The yak completely misses you.
The yak gores you! You block the yak's attack. The yak gores you!
You block the yak's attack.
The two-headed ogre hits you with a +0 giant spiked club!
The two-headed ogre misses you. You block the yak's attack. x2
The yak gores you! The yak misses you. The yak gores you but does no damage.
You slash the two-headed ogre! You burn the two-headed ogre.
You headbutt the two-headed ogre, but do no damage.
The two-headed ogre is almost dead.
You hit the yak. You burn the yak. You completely miss the yak.
You hit the yak but do no damage. You slash the yak! You burn the yak.
You hit the yak. You burn the yak. You block the yak's attack. x3
You block the two-headed ogre's attack.
The two-headed ogre completely misses you.
The yak gores you!
* * * LOW HITPOINT WARNING * * *
The yak gores you!
* * * LOW HITPOINT WARNING * * *
A red film seems to cover your vision as you go berserk!
You feel yourself moving faster!
You feel mighty! You block the yak's attack. x2
The yak gores you!
* * * LOW HITPOINT WARNING * * *
The yak gores you but does no damage. The yak barely misses you.
The two-headed ogre closely misses you.
The two-headed ogre hits you with a +0 giant spiked club!!
You die...

#........## .# #.........#
. . #........<.<#.......
.. ##........##.#......
...
...................##.....
............>.......#.....
........YYY...............
.......YY@..##............
........YO..##.....>......
..##)......####...........
#.......##...#.......##
#..#.........##........
.........######.........
............. #.........#
≈~~≈~~...##..##...)......
#####~...# #.#...........


You could see a two-headed ogre and 6 yaks.

Vanquished Creatures
  A two-headed ogre (D:11)
  An orc knight (Bailey)
  Maurice (D:8)
  Jeremiah (D:8)
  2 kobold demonologists (Bailey)
  A troll (D:10)
  A shadow (D:10)
  2 wyverns
  2 ynoxinuls (D:9)
  3 yaks (D:10)
  3 steam dragons
  A warg (D:11)
  3 vampire mosquitoes (D:11)
  A water moccasin (D:6)
  Pargi (Sewer)
  12 orc warriors
  4 ice beasts
  A sky beast (D:4)
  2 wolves
  4 centaurs
  A kobold brigand (D:6)
  A weeping skull (Ossuary)
  A brain worm (Sewer)
  A scorpion (D:6)
  An elf skeleton (D:7)
  2 elf zombies
  A bullfrog (D:8)
  8 wights (D:8)
  2 howler monkeys
  4 electric eels
  3 centaur zombies (Ossuary)
  A hound (D:7)
  A bombardier beetle (D:4)
  2 human zombies
  4 orc priests
  An iguana (D:4)
  4 jellies
  2 sleepcaps
  8 orc wizards
  A human skeleton (D:7)
  Ijyb (D:4)
  A killer bee zombie (Ossuary)
  2 centaur simulacra (D:9)
  3 mummies (Ossuary)
  A hound zombie (Ossuary)
  5 gnolls (Bailey)
  7 adders
  A river rat (D:5)
  2 white imps
  14 ufetubi
  7 adder zombies (Ossuary)
  2 dart slugs
  3 ribbon worms (D:5)
  27 orcs
  10 bats
  5 endoplasms
  A giant cockroach (D:1)
  2 gnoll zombies (Ossuary)
  16 goblins
  11 hobgoblins
  13 jackals
  8 kobolds
  A quokka (D:2)
  6 ball pythons
  4 ball python zombies (Ossuary)
  5 frilled lizards
  6 jackal zombies (Ossuary)
  2 kobold zombies (Ossuary)
  2 orc skeletons (D:7)
  2 orc zombies (Ossuary)
  12 rats
278 creatures vanquished.

Vanquished Creatures (collateral kills)
  An orc (D:4)
1 creature vanquished.

Vanquished Creatures (others)
  A howler monkey (D:9)
  An adder (D:5)
2 creatures vanquished.

Grand Total: 281 creatures vanquished

Notes
Turn   | Place    | Note
-------+----------+-------------------------------------------
     0 | D:1      | bungle the Oni Gladiator began the quest for the Orb.
     0 | D:1      | Reached XP level 1. HP: 22/22 MP: 1/1
    62 | D:1      | Reached XP level 2. HP: 18/29 MP: 2/2
    68 | D:1      | Reached skill level 3 in Fighting
  1031 | D:2      | Reached XP level 3. HP: 37/37 MP: 3/3
  1784 | D:3      | Reached XP level 4. HP: 29/46 MP: 4/4
  1989 | D:3      | Found a white marble altar of Elyvilon.
  2201 | D:3      | Found a stormy altar of Qazlal.
  2203 | D:3      | Found a blossoming altar of Fedhas.
  2268 | D:4      | Noticed a sky beast
  2304 | D:4      | Killed a sky beast
  2305 | D:4      | Reached skill level 4 in Fighting
  2305 | D:4      | Reached XP level 5. HP: 46/54 MP: 5/5
  2946 | D:4      | Got Qolaf's Elucidation of Frore Command
  3503 | D:4      | Noticed Ijyb
  3540 | D:4      | Killed Ijyb
  4087 | D:5      | Entered Level 5 of the Dungeon
  4087 | D:5      | Found Ruruos's Book Emporium.
  4092 | D:5      | Reached XP level 6. HP: 46/63 MP: 6/6
  4209 | D:5      | Found Neoc's Antique Armour Shop.
  4222 | D:5      | HP: 1/65 [white imp/puff of frost (7)]
  4323 | D:5      | Noticed an ice beast
  4351 | D:5      | Killed an ice beast
  4352 | D:5      | Reached skill level 5 in Fighting
  4648 | D:5      | Found a glowing drain.
  4656 | Sewer    | Entered a sewer
  4681 | Sewer    | Reached XP level 7. HP: 64/72 MP: 5/7
  4683 | Sewer    | Noticed Pargi
  4698 | Sewer    | Killed Pargi
  4892 | D:5      | Found a transporter.
  4894 | D:5      | Found Teekh's Weapon Shoppe.
  5031 | D:5      | Found a transporter.
  5219 | D:5      | Found Zaitu's Distillery.
  5366 | D:6      | Found Vohillaz's General Store.
  5583 | D:5      | Reached skill level 6 in Fighting
  5583 | D:5      | Reached skill level 5 in Maces & Flails
  5583 | D:5      | Reached skill level 1 in Spellcasting
  5677 | D:6      | Reached XP level 8. HP: 82/83 MP: 8/10
  5723 | D:6      | Found Ogaomesa's Assorted Antiques.
  5878 | D:6      | Found Mublac's Assorted Antiques.
  5985 | D:6      | Found Gaxo's Weapon Shoppe.
  6031 | D:6      | Found a staircase to the Ecumenical Temple.
  6155 | D:6      | Reached skill level 5 in Dodging
  6206 | D:6      | Found Xopudext's Weapon Shoppe.
  6274 | Temple   | Found a transporter.
  6274 | Temple   | Found a transporter.
  6274 | Temple   | Found a transporter.
  6274 | Temple   | Found a transporter.
  6274 | Temple   | Entered the Ecumenical Temple
  6289 | Temple   | Became a worshipper of Warmaster Okawaru
  6369 | D:7      | Reached skill level 5 in Throwing
  6439 | D:7      | Reached skill level 1 in Shields
  6454 | D:7      | Found a sand-covered staircase.
  6461 | Ossuary  | Entered an ossuary
  6511 | Ossuary  | Reached skill level 7 in Fighting
  6720 | Ossuary  | Reached * piety under Okawaru
  6747 | Ossuary  | Reached XP level 9. HP: 92/93 MP: 14/14
  7610 | D:7      | Reached skill level 8 in Fighting
  8297 | D:8      | Reached ** piety under Okawaru
  8475 | D:8      | Noticed Maurice
  8479 | D:8      | Noticed Jeremiah
  8480 | D:8      | Something stole a +5 club
  8481 | D:8      | Something stole 18 poisoned darts
  8483 | D:8      | Something stole a ring of protection from fire
  8484 | D:8      | Something stole 310 gold
  8485 | D:8      | Something stole 383 gold
  8490 | D:8      | Killed Maurice
  8524 | D:8      | Reached skill level 5 in Spellcasting
  8837 | D:8      | Killed Jeremiah
  8837 | D:8      | Reached *** piety under Okawaru
  8838 | D:8      | Reached XP level 10. HP: 57/94 MP: 17/17
  8934 | D:8      | Reached skill level 9 in Fighting
 10052 | D:9      | Reached **** piety under Okawaru
 10147 | D:10     | Entered Level 10 of the Dungeon
 10714 | D:10     | Found a flagged portal.
 10721 | D:10     | Identified the +3 hand axe of Malaise {flame, ^Drain Str+3
                  | Dex+8 SInv}
 10725 | Bailey   | Entered a bailey
 10815 | Bailey   | Reached skill level 10 in Fighting
 10823 | Bailey   | Reached skill level 5 in Shields
 10911 | Bailey   | Found the +9 sword of Power {lifebolt}
 10921 | Bailey   | Found an iron altar of Okawaru.
 10922 | Bailey   | Noticed a kobold demonologist
 10924 | Bailey   | Noticed a kobold demonologist
 10952 | Bailey   | Noticed a rust devil
 10955 | Bailey   | Gained mutation: You are frail. (-10% HP) [a neqoxec]
 10960 | Bailey   | HP: 2/99 [hellwing[a kobold demonologist] (11)]
 11182 | Bailey   | Killed a kobold demonologist
 11182 | Bailey   | Reached ***** piety under Okawaru
 11296 | Bailey   | Noticed a smoke demon
 11300 | Bailey   | Killed a kobold demonologist
 11327 | Bailey   | Identified the +1 robe of the Arcane {rC+ Regen+ Slay+3}
 11470 | Bailey   | Received a gift from Okawaru
 11524 | Bailey   | Noticed an orc knight
 11551 | Bailey   | Killed an orc knight
 11552 | Bailey   | Reached XP level 11. HP: 77/107 MP: 18/18
 12023 | D:10     | Reached skill level 11 in Fighting
 12359 | D:11     | Found a staircase to the Orcish Mines.
 12450 | D:11     | Noticed a two-headed ogre
 12458 | D:11     | Killed a two-headed ogre
 12500 | D:11     | Noticed a two-headed ogre
 12516 | D:11     | Slain by a two-headed ogre

Illustrated notes

Levels and vault maps discovered:
D:1:      doesnt_arrival_eight_statues, layout_basic, minmay_3d_cube
D:2:      layout_basic, kennysheep_doodads, minmay_rat_gold_closets
D:3:      layout_basic, nicolae_overflow_hidden_temple
D:4:      layout_loops_ring, nrook_loot_triangle, abandoned_shop, uniq_ijyb
D:5:      layout_basic, lightli_sewer_entry_pipes, serial_shops,
          nicolae_shop_gibbet_a_chance, nicolae_shop_drivethru,
          nicolae_shop_waterfront, kennysheep_mini_moat
D:6:      layout_rooms, lemuel_temple_firewalk_b, serial_shops,
          nicolae_shop_tiny_waterfront, nicolae_shop_tiny_real_fake_doors,
          nicolae_shop_back_alley_shop, shop, kennysheep_little_box
D:7:      layout_basic, nicolae_ossuary_entry_catacombs
D:8:      layout_loops_corners, uniq_maurice, uniq_jeremiah
D:9:      cheibrodos_steamvent, layout_basic, dpeg_lair_monsters, serial_ice,
          serial_ice_k, serial_ice_m, serial_ice_c, serial_ice_n, minivault_14,
          nicolae_fort_ynox
D:10:     mumra_celtic_spiral_tile, layout_cave_pools, enter_bailey_2,
          centaur_isle
D:11:     layout_cave_pools, minmay_orc_entry_guard_dogs,
          kennysheep_nondescript, minmay_orc_keep
Temple:   hellmonk_temple_divided_pantheon

Skill      XL: |  1  2  3  4  5  6  7  8  9 10 11 |
---------------+----------------------------------+-----
Fighting       | 3 4 5 6 7 8 10 11 | 11.3
Dodging        | 3 4 5 |  5.0
Throwing       | 3 4 5 6 8 |  8.7
Maces & Flails | 4 5 6 7 8 9 |  9.0
Spellcasting   | 1 3 5 |  5.0
Shields        | 2 3 5 6 |  6.3

Action                     |  1- 3 |  4- 6 |  7- 9 | 10-12 || total
---------------------------+-------+-------+-------+-------++-------
  Melee: Flail             |    53 |       |       |       ||    53
         Headbutt          |    14 |    35 |   128 |    92 ||   269
         Whip              |    56 |    98 |   491 |   143 ||   788
         Club              |       |    54 |    55 |       ||   109
         Punch             |       |     1 |     2 |       ||     3
         Hand axe          |       |       |       |   247 ||   247
  Throw: Large rock        |       |     2 |     2 |     1 ||     5
         Dart              |       |       |       |    17 ||    17
  Evoke: Wand              |       |     5 |       |       ||     5
    Use: Scroll            |     5 |       |     8 |    15 ||    28
         Potion            |       |     1 |     7 |     4 ||    12
   Stab: Sleeping          |     2 |       |       |     2 ||     4
         Distracted        |     1 |       |     1 |       ||     2
 Armour: Robe              |    86 |    67 |    21 |    87 ||   261
         Troll leather arm |       |       |   313 |   210 ||   523
  Dodge: Dodged            |    64 |    83 |   391 |   321 ||   859
  Block: Tower shield      |       |       |   252 |   565 ||   817
